 Dungeon Crawl Stone Soup version 0.14-a0-2810-g474977d (webtiles) character file.

226 Quh the Ruinous (level 4, 0/24 HPs)
             Began as a Deep Elf Conjurer on Feb 25, 2014.
             Slain by Grinder (1 damage)
             ... on Level 3 of the Dungeon.
             The game lasted 00:12:01 (2461 turns).

Quh the Ruinous (Deep Elf Conjurer)                 Turns: 2461, Time: 00:12:02

HP   0/24        AC  6     Str  6      XL: 4   Next: 71%
MP   7/13        EV 13     Int 20      God:
Gold 109         SH  0     Dex 15      Spells:  1 memorised,  8 levels left

rFire  . . .     SeeInvis .     (no weapon)
rCold  . . .     Clarity  .     k - +2 robe
rNeg   . . .     Conserve .     (no shield)
rPois  .         rCorr    .     (no helmet)
rElec  .         rRot     .     y - +0 cloak
SustAb . .       Spirit   .     w - +0 pair of gloves
rMut   .         Warding  .     (no boots)
Saprov . . .     Stasis   .     (no amulet)
MR     .....                    (no ring)
                                (no ring)

@: not resistant to hostile enchantments, fairly stealthy
A: no striking features
a: no special abilities


You were on level 3 of the Dungeon.
You were hungry.

You visited 1 branch of the dungeon, and saw 3 of its levels.

You collected 109 gold pieces.

Inventory:

Hand weapons
 v - a +0,+0 spear
Missiles
 e - 50 darts (quivered)
 h - 2 silver darts
 l - 19 exploding darts
Armour
 a - a +0 elven robe
 k - a +2 robe (worn)
 w - a +0 pair of gloves (worn)
 y - a +0 cloak (worn)
 z - a +0 robe
Magical devices
 o - a wand of polymorph (0)
 u - a wand of confusion (11) {unknown}
 x - a wand of flame (10) {unknown}
Comestibles
 b - 3 bread rations
 f - a pear
 g - 2 meat rations
 s - 9 strawberries
 B - a rotting chunk of felid flesh
 C - a rotting chunk of felid flesh
Scrolls
 p - a scroll of enchant weapon II {unknown}
 q - a scroll of remove curse
 r - a scroll of magic mapping {unknown}
 t - a scroll of identify
Jewellery
 i - an uncursed amulet of rage
Potions
 d - a potion of confusion {unknown}
 j - 2 potions of resistance {unknown}
 m - 3 potions of heal wounds {unknown}
 n - 4 potions of curing {unknown}
 A - a potion of poison {unknown}
Books
 c - a book of Conjurations

   Spells                             Type                      Level
   *Magic Dart                        Conjuration                  1
   Searing Ray                        Conjuration                  2
   Dazzling Spray                     Conjuration/Hexes            3
   Fulminant Prism                    Conjuration/Hexes            4
   Iskenderun's Mystic Blast          Conjuration                  4
   Iskenderun's Battlesphere          Conjuration/Charms           5


   Skills:
 - Level 2.4 Dodging
 - Level 2.4 Stealth
 - Level 3.0 Spellcasting
 * Level 6.7 Conjurations


You had 8 spell levels left.
You knew the following spells:

 Your Spells              Type           Power        Failure   Level  Hunger
a - Magic Dart            Conj           ####         1%          1    None


Dungeon Overview and Level Annotations

Branches:
Dungeon (3/16)

Altars:
Xom
Zin

Annotations:
D:3 Grinder, Natasha


Message History

Natasha casts a spell.
Casting: Magic Dart
Confirm with . or Enter, or press ? or * to list all spells.
Aiming: Magic Dart
Press: ? - help, Shift-Dir - straight line, f/p - Natasha
Aim: Natasha The magic dart hits Grinder.
Grinder is heavily wounded.
The crimson imp blinks!
You are feeling hungry.
The shadow imp shouts, "Slither away, thou spindly elf-skinned frater!"
The crimson imp hits you.
A giant gecko comes into view.
Natasha stares at you.
You feel disoriented.
You smell something rotten. (slot C)
You barely miss the giant gecko. Grinder hits you!
* * * LOW HITPOINT WARNING * * *
You writhe in agony.
You die...

#.# #............... #.#
#................ #.#
#................. #.#
#.................. #.#
#.................. #.#
#.................. #.#
#................... #.#
#.....5...5.........
#.#####...l@5..h.....<....
#...............########.
#...............#
#...............#
#)..............#
#...............#
#...............#
#...............#
#...............#


You could see Grinder, Natasha, a crimson imp, a shadow imp and a giant gecko.

Vanquished Creatures
  Natasha (twice) (D:3)
  Terence (D:3)
  3 adders
  2 giant geckos (D:2)
  An orc (D:3)
  A giant cockroach (D:2)
  5 hobgoblins
  6 kobolds
  7 bats
  A giant newt (D:1)
  8 goblins
  7 rats
44 creatures vanquished.

Notes
Turn   | Place    | Note
--------------------------------------------------------------
     0 | D:1      | Quh, the Deep Elf Conjurer, began the quest for the Orb.
     0 | D:1      | Reached XP level 1. HP: 10/10 MP: 5/5
   678 | D:1      | Reached XP level 2. HP: 15/15 MP: 4/8
   736 | D:1      | Reached skill level 5 in Conjurations
  1202 | D:2      | Reached XP level 3. HP: 19/19 MP: 3/10
  1710 | D:2      | Found a glowing silver altar of Zin.
  1718 | D:2      | Noticed an angel
  1723 | D:2      | Found a shimmering altar of Xom.
  2114 | D:3      | Noticed Terence
  2148 | D:3      | Reached skill level 6 in Conjurations
  2164 | D:3      | Killed Terence
  2164 | D:3      | Reached XP level 4. HP: 15/24 MP: 1/13
  2194 | D:3      | Noticed Natasha
  2199 | D:3      | Killed Natasha
  2243 | D:3      | Noticed Natasha
  2256 | D:3      | Killed Natasha
  2445 | D:3      | Noticed Grinder
  2448 | D:3      | Paralysed by Grinder for 2 turns
  2451 | D:3      | Noticed Natasha
  2461 | D:3      | HP: 1/24 [Grinder (8)]
  2461 | D:3      | Slain by Grinder

Action                   |  1- 3 |  4- 6 || total
-------------------------+-------+-------++-------
Melee: Unarmed           |     2 |     6 ||     8
Throw: Dart              |     5 |       ||     5
 Cast: Magic Dart        |    76 |    26 ||   102
  Use: Scroll            |     4 |       ||     4
